 Dungeon Crawl Stone Soup version 0.26.1-2-gb8aa6d0cf2 (webtiles) character file.

Game seed: 9162296503066182424

66963 tysohal the Grappler (level 14, -25/135 HPs)
             Began as a Troll Warper on Feb 16, 2021.
             Was a High Priest of Makhleb.
             Annihilated by a spriggan berserker
             ... wielding a +0 quarterstaff
              (38 damage)
             ... on level 15 of the Dungeon.
             The game lasted 02:23:32 (24590 turns).

tysohal the Grappler (Troll Warper)                Turns: 24590, Time: 02:23:32

Health: -25/135    AC: 21    Str: 28    XL:     14   Next: 81%
Magic:  19/21      EV: 14    Int:  6    God:    Makhleb [*****.]
Gold:   733        SH:  0    Dex: 14    Spells: 9/24 levels left

rFire    . . .     SeeInvis .     - Unarmed
rCold    + . .     Faith    .   (no shield)
rNeg     . . .     Spirit   .   g - +1 acid dragon scales
rPois    .         Reflect  .   i - +2 hat
rElec    .         Harm     .   D - +2 cloak
rCorr    +         Rampage  .   (gloves unavailable)
Will     +....                  (boots unavailable)
Stlth    +.........             Z - amulet of Xaud {RegenMP rC+ Int-4 Dex+2}
HPRegen  0.72/turn              f - +6 ring of strength
MPRegen  0.42/turn              F - +4 ring of protection

@: no status effects
A: large, unfitting armour, claws 3, regeneration 1, shaggy fur 1, tough skin 3
a: Renounce Religion, Minor Destruction, Lesser Servant of Makhleb, Major
Destruction, Greater Servant of Makhleb


You were on level 15 of the Dungeon.
You worshipped Makhleb.
Makhleb was extremely pleased with you.
You visited 4 branches of the dungeon, and saw 19 of its levels.
You also visited: Sewer and Bailey.

You collected 1980 gold pieces.
You spent 1247 gold pieces at shops.

Inventory:

Hand Weapons
 s - a +8 giant club
 R - the +3 spear of Discomfort {pain, rElec rC+ Str-3 Int+5}
   (You found it on level 15 of the Dungeon)

   In the hands of one skilled in necromantic magic, it inflicts extra damage on
   living creatures.
   It affects your strength (-3).
   It affects your intelligence (+5).
   It protects you from cold.
   It insulates you from electricity.
Missiles
 d - 4 boomerangs of dispersal
 j - 500 stones
 k - 78 poisoned darts
 n - 15 curare-tipped darts
 y - 56 boomerangs
 H - 16 javelins
 N - 2 silver boomerangs
 P - 22 large rocks (quivered)
 Q - 8 atropa-tipped darts
 T - a throwing net
Armour
 g - +1 acid dragon scales (worn)
 i - a +2 hat (worn)
 w - a scarf of invisibility
 D - a +2 cloak (worn)
 K - the -2 hat of the Alchemist {rElec rPois rF+ rC+ rN+ Will+ rMut rCorr}
   (You found it on level 6 of the Dungeon)

   It protects you from fire.
   It protects you from cold.
   It insulates you from electricity.
   It protects you from poison.
   It protects you from negative energy.
   It affects your willpower, your defense against some magical effects.
   It provides partial protection from all sources of acid and corrosion.
   It protects you from mutation.
Jewellery
 f - a +6 ring of strength (left claw)
 r - an uncursed amulet of guardian spirit
 F - a +4 ring of protection (right claw)
 J - an uncursed ring of positive energy
 V - a +4 ring of protection
 Y - an uncursed ring of protection from fire
 Z - the amulet of Xaud (around neck) {RegenMP rC+ Int-4 Dex+2}
   (You found it on level 12 of the Dungeon)

   [amulet of magic regeneration]

   It increases your magic regeneration.
   It affects your intelligence (-4).
   It affects your dexterity (+2).
   It protects you from cold.
Wands
 q - a wand of digging (5)
 t - a wand of flame (89)
 u - a wand of polymorph (27)
 v - a wand of enslavement (34)
 A - a wand of disintegration (36)
 E - a wand of iceblast (4)
Scrolls
 c - 2 scrolls of blinking
 e - 3 scrolls of remove curse
 m - 5 scrolls of identify
 p - 3 scrolls of teleportation
 z - 2 scrolls of acquirement {unknown}
 L - a scroll of silence
 M - 5 scrolls of enchant weapon
 U - a scroll of summoning {unknown}
 W - a scroll of enchant armour
 X - a scroll of fear
Potions
 a - a potion of magic
 b - 4 potions of mutation
 h - 7 potions of flight
 l - a potion of haste
 o - 3 potions of heal wounds
 G - 6 potions of curing
 I - a potion of invisibility {unknown}
 O - a potion of brilliance {unknown}
 S - 2 potions of might
Miscellaneous
 B - a condenser vane


   Skills:
 + Level 7.7 Fighting
 + Level 8.1 Throwing
 + Level 4.0 Armour
 + Level 7.8 Dodging
 * Level 12.4 Unarmed Combat
 + Level 5.8 Spellcasting
 + Level 7.2 Translocations
 + Level 8.0 Invocations
 + Level 6.6 Evocations


You had 9 spell levels left.
You knew the following spells:

 Your Spells              Type           Power        Failure   Level
a - Blink                 Tloc           N/A          2%          2
b - Gell's Gravitas       Tloc           5%           4%          3
c - Passage of Golubria   Tloc           N/A          17%         4
d - Portal Projectile     Hex/Tloc       12%          22%         3
e - Teleport Other        Tloc           10%          4%          3

Your spell library contained the following spells:

 Spells                   Type           Power        Failure   Level
 Lesser Beckoning         Tloc           5%           4%          3
 Foxfire                  Conj/Fire      4%           32%         1
 Freeze                   Ice            4%           32%         1
 Searing Ray              Conj           2%           45%         2
 Conjure Flame            Conj/Fire      1%           69%         3
 Frozen Ramparts          Ice            2%           69%         3
 Inner Flame              Hex/Fire       1%           69%         3
 Ozocubu's Armour         Ice            1%           69%         3
 Dispersal                Tloc           5%           95%         6
 Hailstorm                Conj/Ice       1%           97%         4
 Olgreb's Toxic Radiance  Pois           1%           97%         4
 Sticky Flame             Conj/Fire      1%           97%         4
 Summon Ice Beast         Ice/Summ       1%           97%         4
 Fireball                 Conj/Fire      0%           100%        5
 Freezing Cloud           Conj/Ice/Air   0%           100%        6
 Malign Gateway           Summ/Tloc      3%           100%        7
 Monstrous Menagerie      Summ           0%           100%        7
 Orb of Destruction       Conj           0%           100%        7
 Summon Greater Demon     Summ           0%           100%        7
 Chain Lightning          Conj/Air       0%           100%        8
 Disjunction              Tloc           5%           100%        8
 Lehudib's Crystal Spear  Conj/Erth      0%           100%        8
 Summon Horrible Things   Summ           0%           100%        8
 Absolute Zero            Ice            0%           100%        9
 Fire Storm               Conj/Fire      0%           100%        9


Dungeon Overview and Level Annotations

Branches:
Dungeon (15/15)            Temple (1/1) D:5            Lair (0/6) D:10
    Orc (2/2) D:9             Elf (0/3) Orc:2        Vaults (0/5) D:13
 Depths (1/5) D:15          Sewer (visited)          Bailey (visited)

Altars:
Ashenzari
Cheibriados
Dithmenos
Elyvilon
Fedhas
Gozag
Hepliaklqana
Kikubaaqudgha
Makhleb
Nemelex Xobeh
Okawaru
Qazlal
Ru
Sif Muna
Trog
Uskayaw
Vehumet
Wu Jian
Xom
Yredelemnul
Zin
The Shining One
Beogh

Shops:
D:4 :   D:10 *   D:11 ((   D:12 [   Orc:1 =:!*   Orc:2 :([[

Portals:
Trove: D:10 (give +4 demon blade)

Annotations:
D:11 3 runed translucent doors, kelmiir's ghost, journeyman DrEE


Innate Abilities, Weirdness & Mutations

You are too large for most types of armour.
You have claws for hands.
Your natural rate of healing is unusually fast.
You are covered in fur. (AC +1)
You have extremely tough skin. (AC +3)


Message History

The spriggan berserker completely misses you.
You climb upwards.
Welcome back to the Dungeon!
The polar bear is no longer berserk.
The polar bear disappears in a puff of smoke!
The elephant is no longer berserk.
The elephant disappears in a puff of smoke!
There is a staircase to the Depths here.
You mangle the spriggan berserker!! You claw the spriggan berserker!!
The spriggan berserker is heavily wounded.
The spriggan berserker hits you with a +0 quarterstaff!
You scratch the spriggan berserker.
The spriggan berserker is heavily wounded.
The spriggan berserker hits you with a +0 quarterstaff!!
* * * LOW HITPOINT WARNING * * *
Casting: Blink (safe; 2% risk of failure)
Confirm with . or Enter, or press ? or * to list all spells.
You blink.
The spriggan berserker rages.
The spriggan berserker hits you with a +0 quarterstaff!!!
You die...

.##+##(#(.......#.#
#.........#
.......).(..)##..##
#...<.....#
.#.#.#.#...).)(.##
#.........#
######.#######.####
#.........#
#####.#..###.##
#.........# #....(##...#
#.........#
##..#.#....###.........#
#.[##......ยง############
#..[###.@i.## ###########
###..###...# #..........
##.####.## #..........
##...##### #..........
#.....# #..........
#.....# #..........
##...#########......)...
##.##...(..............
#'#..###########.#####


You could see a spriggan berserker (berserk, regenerating, strong-willed).

Vanquished Creatures
  A frost giant (Depths:1)
  An orc warlord (D:9)
  4 entropy weavers (D:13)
  Josephine (D:11)
  A rakshasa (D:15)
  4 centaur warriors
  4 ghost crabs (D:13)
  6 hydras
  Erica (D:10)
  5 two-headed ogres
  The ghost of CryoSword the Fighter, a novice OgCK of Xom (D:7)
  3 tengu warriors
  Sonja (D:13)
  5 fire crabs (D:13)
  4 unseen horrors
  A wolf spider zombie (D:15)
  An orc knight (D:12)
  A deep elf mage (D:14)
  Pikel (D:6)
  4 cyclopes
  9 ugly things
  2 orc sorcerers
  3 manticores
  An apocalypse crab (D:13)
  A torpor snail (Orc:2)
  A centaur skeleton (D:14)
  Maggie (D:7)
  A kobold demonologist (D:12)
  An efreet (D:13)
  2 gargoyles
  A komodo dragon (D:12)
  A yaktaur (shapeshifter) (D:14)
  6 trolls
  A dream sheep (shapeshifter) (D:15)
  A slime creature (D:12)
  A shadow (D:13)
  Sigmund (D:4)
  22 yaks
  4 wraiths
  3 wyverns
  A water elemental (D:14)
  Eustachio (D:4)
  2 basilisks
  2 vampire mosquitoes (D:15)
  A soldier ant (D:12)
  8 wargs
  2 acid dragons (D:12)
  2 water moccasins
  4 black bears
  48 orc warriors
  3 eyes of draining
  3 ice beasts
  8 phantoms
  4 necrophages
  5 sky beasts
  2 boggarts (D:15)
  20 centaurs
  12 ogres
  5 wolves (Orc:2)
  2 lemures (D:6)
  Blork the orc (D:6)
  6 big kobolds
  4 bullfrogs
  A wyvern zombie (D:11)
  A wyvern skeleton (D:14)
  A water moccasin zombie (D:6)
  5 scorpions
  7 howler monkeys
  4 wights (D:12)
  An electric eel (D:14)
  3 centaur zombies
  5 quasits
  3 jellies
  4 bullfrog zombies
  A gnoll shaman (D:10)
  30 orc priests
  3 bullfrog skeletons
  10 hounds
  9 iguanas
  31 orc wizards
  19 worker ants
  A hound skeleton (D:9)
  A worker ant zombie (D:6)
  6 gnolls
  11 adders
  4 river rats (Sewer)
  2 shadow imps
  2 white imps
  3 ufetubi
  2 adder skeletons (D:8)
  2 worms
  2 dart slugs (D:1)
  2 leopard geckos
  134 orcs
  8 giant cockroaches
  7 goblins
  12 hobgoblins
  11 jackals
  26 kobolds
  6 quokkas
  2 ball pythons (D:6)
  A ball python skeleton (D:5)
  11 bats
  2 frilled lizards
  A jackal skeleton (D:6)
  A quokka skeleton (D:8)
  8 rats
665 creatures vanquished.

Vanquished Creatures (collateral kills)
  A rakshasa (D:15)
  A two-headed ogre (D:13)
  A death knight (D:13)
  An unseen horror (D:15)
  A necromancer (D:13)
  A cyclops (D:12)
  4 slime creatures (D:15)
  A slime creature (shapeshifter) (D:15)
  A meliai zombie (D:12)
  A floating eye (Depths:1)
  An orc warrior (D:12)
  2 boggarts (D:15)
  3 centaurs (D:15)
  An orc wizard (D:12)
  An adder (D:12)
  2 orcs (D:12)
23 creatures vanquished.

Vanquished Creatures (others)
  An entropy weaver (D:13)
  6 plants (D:11)
7 creatures vanquished.

Grand Total: 695 creatures vanquished

Notes
Turn   | Place    | Note
-------+----------+-------------------------------------------
     0 | D:1      | tysohal the Troll Warper began the quest for the Orb.
     0 | D:1      | Reached XP level 1. HP: 19/19 MP: 1/1
   120 | D:1      | Reached XP level 2. HP: 19/27 MP: 3/3
   619 | D:1      | Reached skill level 1 in Throwing
   623 | D:1      | Reached XP level 3. HP: 35/35 MP: 4/4
   975 | D:2      | Reached XP level 4. HP: 30/42 MP: 5/5
  1108 | D:2      | Learned a level 2 spell: Blink
  1666 | D:2      | Reached XP level 5. HP: 19/49 MP: 6/6
  1741 | D:3      | Reached skill level 3 in Unarmed Combat
  1922 | D:3      | Found a burning altar of Makhleb.
  1929 | D:3      | Became a worshipper of Makhleb the Destroyer
  1949 | D:3      | Reached skill level 1 in Invocations
  2282 | D:4      | Reached skill level 1 in Evocations
  2304 | D:4      | Noticed Eustachio
  2340 | D:4      | Killed Eustachio
  2341 | D:4      | Reached XP level 6. HP: 48/59 MP: 7/7
  2515 | D:4      | Found a shadowy altar of Dithmenos.
  2724 | D:4      | Found Agunics's Book Shop.
  2795 | D:4      | Reached skill level 4 in Unarmed Combat
  2795 | D:4      | Reached XP level 7. HP: 58/66 MP: 7/9
  3021 | D:4      | Noticed Sigmund
  3067 | D:4      | Killed Sigmund
  3208 | D:5      | Entered Level 5 of the Dungeon
  3258 | D:5      | Reached * piety under Makhleb
  3357 | D:5      | Found a staircase to the Ecumenical Temple.
  3473 | D:5      | Reached XP level 8. HP: 66/75 MP: 10/10
  3665 | D:5      | Reached skill level 5 in Unarmed Combat
  4432 | D:6      | Noticed Pikel
  4496 | D:6      | Reached XP level 9. HP: 39/83 MP: 10/12
  4509 | D:6      | Found a glowing drain.
  4521 | Sewer    | Entered a sewer
  4686 | Sewer    | Reached ** piety under Makhleb
  4753 | Sewer    | Found a glowing silver altar of Zin.
  4804 | D:6      | Reached skill level 6 in Unarmed Combat
  4910 | D:6      | Killed Pikel
  4918 | D:6      | Learned a level 3 spell: Gell's Gravitas
  4923 | D:6      | Learned a level 4 spell: Passage of Golubria
  5084 | D:6      | Found the -2 hat of the Alchemist {rElec rPois rF+ rC+ rN+
                  | Will+ rMut rCorr}
  5267 | D:6      | Noticed Blork the orc
  5274 | D:6      | Killed Blork the orc
  5571 | Temple   | Entered the Ecumenical Temple
  5896 | D:7      | Found a runed translucent gate.
  5896 | D:7      | Found a runed translucent gate.
  5896 | D:7      | Found a runed translucent gate.
  5900 | D:7      | Noticed CryoSword's ghost (novice OgCK)
  5975 | D:7      | Killed CryoSword's ghost
  5976 | D:7      | Reached skill level 7 in Unarmed Combat
  6086 | D:7      | Noticed a troll
  6086 | D:7      | Noticed a troll
  6087 | D:7      | Noticed a manticore
  6296 | D:7      | Reached XP level 10. HP: 93/93 MP: 13/13
  6406 | D:7      | Noticed Maggie
  6414 | D:7      | Killed Maggie
  7269 | D:8      | Noticed a cyan ugly thing
  7283 | D:8      | Killed a cyan ugly thing
  7525 | D:8      | Reached *** piety under Makhleb
  8249 | D:7      | Killed a manticore
  8250 | D:7      | Reached skill level 8 in Unarmed Combat
  8290 | D:7      | Reached skill level 5 in Dodging
  8832 | D:9      | Reached skill level 5 in Throwing
  8839 | D:9      | Reached XP level 11. HP: 77/101 MP: 15/15
  8930 | D:9      | Found a staircase to the Orcish Mines.
  8985 | D:9      | Noticed a +0 hand axe
  9682 | D:9      | Found a hide-covered altar of Uskayaw.
  9685 | D:9      | Noticed a +0 dagger
  9711 | D:9      | Noticed a two-headed ogre
  9717 | D:9      | Killed a two-headed ogre
  9718 | D:9      | Reached skill level 5 in Fighting
  9718 | D:9      | Reached skill level 5 in Translocations
  9718 | D:9      | Reached skill level 5 in Invocations
  9842 | Orc:1    | Entered Level 1 of the Orcish Mines
  9842 | Orc:1    | Found Joecoz's Assorted Antiques.
 10061 | D:9      | Reached **** piety under Makhleb
 10188 | Orc:1    | Bought a scroll of identify for 50 gold pieces
 10277 | Orc:2    | Entered Level 2 of the Orcish Mines
 10461 | Orc:2    | Reached skill level 9 in Unarmed Combat
 10569 | Orc:2    | Found a roughly hewn altar of Beogh.
 10728 | Orc:2    | Found a roughly hewn altar of Beogh.
 10777 | Orc:2    | Noticed an orc sorcerer
 10778 | Orc:2    | Noticed an orc warlord
 11086 | Orc:2    | Reached ***** piety under Makhleb
 11653 | D:9      | Killed an orc warlord
 11754 | Orc:1    | Paralysed by an orc sorcerer for 5 turns
 11788 | Orc:1    | Killed an orc sorcerer
 11878 | Orc:2    | Found Iqihithi's Antique Weapon Shop.
 11879 | Orc:2    | Found a roughly hewn altar of Beogh.
 11889 | Orc:2    | Found Odwum's Antique Armour Boutique.
 11996 | Orc:2    | Found a staircase to the Elven Halls.
 12138 | Orc:2    | Found a roughly hewn altar of Beogh.
 12141 | Orc:2    | Noticed an orc high priest
 12282 | Orc:2    | an orc high priest changed into a torpor snail
 12342 | Orc:2    | Found Piezy's Armour Boutique.
 12457 | Orc:2    | Reached XP level 12. HP: 100/111 MP: 17/17
 12466 | Orc:2    | Found a roughly hewn altar of Beogh.
 12484 | Orc:2    | Paralysed by an orc sorcerer for 2 turns
 12512 | Orc:2    | Found Sustrer's Book Boutique.
 12783 | Orc:2    | Found a roughly hewn altar of Beogh.
 13061 | Orc:1    | Found Tetala's Distillery.
 13266 | Orc:1    | Found Evvia's Jewellery Shop.
 13272 | Orc:1    | Found Ovvuhoall's Book Emporium.
 13318 | Orc:1    | Bought a book of the Warp for 1080 gold pieces
 13322 | Orc:1    | Learned a level 3 spell: Portal Projectile
 13581 | Orc:1    | You fall into a shaft and drop 1 floor!
 13632 | D:10     | Entered Level 10 of the Dungeon
 13632 | D:10     | Found a portal to a secret trove of treasure.
 13719 | D:10     | Noticed a two-headed ogre
 13723 | D:10     | Killed a two-headed ogre
 13724 | D:10     | Reached skill level 10 in Unarmed Combat
 13724 | D:10     | Reached skill level 5 in Evocations
 13728 | D:10     | Found a flagged portal.
 13860 | D:10     | Found a staircase to the Lair.
 14024 | Bailey   | Entered a bailey
 15188 | D:10     | Noticed Erica
 15208 | D:10     | Killed Erica
 15228 | D:10     | Reached ****** piety under Makhleb
 15253 | D:10     | Found Facu Won's General Store.
 15414 | D:10     | Bought a scroll of teleportation for 45 gold pieces
 15414 | D:10     | Bought 8 atropa-tipped darts for 72 gold pieces
 15787 | D:11     | Noticed Snorg
 15800 | D:11     | Noticed Snorg
 15800 | D:11     | Snorg changed into Snorg the black bear
 15807 | D:11     | Killed Snorg the black bear
 15888 | D:11     | Found a runed translucent gate.
 15888 | D:11     | Found a runed translucent gate.
 15889 | D:11     | Found a runed translucent gate.
 15890 | D:11     | Noticed a 12-headed hydra
 15890 | D:11     | Noticed a ten-headed hydra
 15891 | D:11     | Noticed kelmiir's ghost (journeyman DrEE)
 16031 | D:11     | Found Vamolob's Weapon Boutique.
 16288 | D:11     | Noticed Josephine
 16298 | D:11     | Killed Josephine
 16306 | D:11     | Found Ciabrada's Antique Weapon Shop.
 16702 | D:11     | Reached skill level 1 in Armour
 16911 | D:12     | Found Nuukinel's Antique Armour Emporium.
 17025 | D:12     | Reached XP level 13. HP: 117/122 MP: 19/19
 17073 | D:12     | Reached skill level 5 in Spellcasting
 17442 | D:12     | Reached skill level 11 in Unarmed Combat
 17780 | D:12     | Identified the Handbook of Focus
 17795 | D:12     | Got a scorched amethyst amulet
 17796 | D:12     | Identified the amulet of Xaud {RegenMP rC+ Int-4 Dex+2}
                  | (You found it on level 12 of the Dungeon)
 18880 | D:13     | Noticed Sonja
 18888 | D:13     | Found a gate to the Vaults.
 19159 | D:13     | Killed Sonja
 20165 | D:13     | Found a runed translucent door.
 20250 | D:13     | Noticed an entropy weaver
 20268 | D:13     | Killed an entropy weaver
 20358 | D:13     | Noticed an entropy weaver
 20365 | D:13     | Reached XP level 14. HP: 80/133 MP: 21/21
 21303 | D:13     | HP: 2/126 [entropy weaver (12)]
 21858 | D:13     | Paralysed by an apocalypse crab for 4 turns
 21941 | D:13     | Learned a level 3 spell: Teleport Other
 22117 | D:14     | Reached skill level 12 in Unarmed Combat
 22158 | D:14     | Found a white marble altar of Elyvilon.
 23044 | D:15     | Entered Level 15 of the Dungeon
 23148 | D:15     | Got a brightly glowing spear
 23149 | D:15     | Identified the cursed +3 spear of Discomfort {pain, rElec
                  | rC+ Str-3 Int+5} (You found it on level 15 of the Dungeon)
 23623 | D:15     | Found a staircase to the Depths.
 24486 | Depths:1 | Entered Level 1 of the Depths
 24542 | Depths:1 | Noticed a frost giant
 24553 | Depths:1 | Killed a frost giant
 24590 | D:15     | Annihilated by a spriggan berserker

Illustrated notes

Levels and vault maps discovered:
D:1:      arrival_zaba_pyramid, layout_basic
D:2:      layout_loops_cross, due_unseen_surprise
D:3:      layout_rooms, bloody_makhleb
D:4:      wad_pebble_path, layout_basic, serial_shops, kennysheep_little_box,
          grunt_dithmenos_smoke_and_mirrors, uniq_sigmund, uniq_eustachio
D:5:      layout_basic, minmay_temple_entry_from_below_a, st_stairs_7
D:6:      cheibrodos_fzero, layout_basic, portal_sewer_entry_d, uniq_pikel,
          uniq_blork_the_orc
D:7:      minmay_chambers_of_sevens, layout_rooms, ebering_ghost_rock_garden,
          uniq_maggie
D:8:      layout_gridville
D:9:      layout_layer_cave, dancing_weapons_uskayaw, orc_0_dummy
D:10:     layout_roguey, lair_entry_dummy, enter_bailey_8, enter_trove_2,
          roderic_serpentine_path, grunt_ministairs_5, kennysheep_diamond,
          uniq_erica
D:11:     layout_irregular_city, serial_shops, shop, nicolae_shop_behind_doors,
          gammafunk_ghost_hydra_chop, uniq_josephine, uniq_snorg
D:12:     minmay_the_grid_plus_closed [minmay_the_grid_large_cup,
          minmay_the_grid_fan, minmay_the_grid_holed_spiral,
          minmay_the_grid_minigrid_medium, minmay_the_grid_prize_trominoes],
          layout_cave_pods, serial_shops, shop, chequers_serial_rivers_micro_e
D:13:     gammafunk_mikee_crab_dinner, layout_stronghold, david_vaults_1,
          uniq_sonja
D:14:     layout_basic, elyvilon_altar_5
D:15:     gammafunk_enter_depths_forms, layout_basic, minmay_misc_feat_doors
Temple:   kilobyte_greek_temple
Orc:1:    layout_caves, serial_shops, nicolae_shop_crystal, shop, shop_statue,
          shop
Orc:2:    grunt_orc_community_town_hall, layout_diamond_mine,
          grunt_orc_community_big_house_2, grunt_orc_community_big_house_2,
          grunt_orc_community_house_2, grunt_orc_community_house_3,
          grunt_orc_community_house_1, grunt_orc_community_house_1,
          grunt_orc_community_house_1, grunt_orc_community_house_1,
          mines5_lemuel
Depths:1: layout_honeycomb, nicolae_twisting_strands, hell_entry,
          serial_sigils_hangedman_shear, nemelex_diamond_rough_becter,
          minmay_shoptagon

Skill      XL: |  1  2  3  4  5  6  7  8  9 10 11 12 13 14 |
---------------+-------------------------------------------+-----
Dodging        | 2 3 4 5 6 7 |  7.8
Throwing       | 1 2 3 4 5 6 7 8 |  8.1
Fighting       | 2 3 4 5 6 7 |  7.7
Unarmed Combat | 3 4 5 7 8 9 10 11 12 | 12.4
Invocations    | 1 2 3 4 5 6 7 8 |  8.0
Evocations     | 1 2 3 4 5 6 |  6.6
Spellcasting   | 2 3 4 5 |  5.8
Translocations | 3 4 5 6 7 |  7.2
Armour         | 1 3 4 |  4.0

Action                   |  1- 3 |  4- 6 |  7- 9 | 10-12 | 13-15 || total
-------------------------+-------+-------+-------+-------+-------++-------
Melee: Unarmed           |   100 |   150 |   326 |  1195 |   665 ||  2436
       Punch             |     1 |     2 |     7 |    41 |    55 ||   106
Throw: Dart              |       |    31 |    31 |    67 |     2 ||   131
       Large rock        |       |       |     3 |    48 |    45 ||    96
       Boomerang         |       |       |       |     1 |       ||     1
       Javelin           |       |       |       |     4 |       ||     4
 Cast: Blink             |       |     1 |     6 |    16 |    43 ||    66
       Passage of Golubr |       |       |     1 |       |       ||     1
       Gell's Gravitas   |       |       |       |     6 |       ||     6
       Portal Projectile |       |       |       |     2 |       ||     2
Invok: Minor Destruction |       |       |       |     5 |       ||     5
       Major Destruction |       |       |       |     4 |    16 ||    20
       Greater Servant o |       |       |       |       |     6 ||     6
Evoke: Wand              |       |       |     4 |    20 |    20 ||    44
  Use: Scroll            |       |       |     7 |    18 |     6 ||    31
       Potion            |       |       |       |     3 |     7 ||    10
 Stab: Sleeping          |       |       |     1 |       |       ||     1
Armor: Robe              |    25 |    76 |   150 |     6 |       ||   257
       Skin              |       |    13 |       |       |       ||    13
       Acid dragon scale |       |       |       |   645 |   536 ||  1181
Dodge: Dodged            |    57 |   165 |   222 |   668 |   424 ||  1536
